 Dungeon Crawl Stone Soup version 0.29.1-12-g30fa7ad0bf (webtiles) character file.

Game seed: 2926805471899783915

196 sanboga the Trooper (level 5, -2/47 HPs)
             Began as a Gnoll Abyssal Knight on Dec 25, 2022.
             Was a Priest of Lugonu.
             Slain by a black bear (4 damage)
             ... on level 4 of the Dungeon.
             The game lasted 00:03:36 (3199 turns).

sanboga the Trooper (Gnoll Abyssal Knight)          Turns: 3199, Time: 00:03:36

Health: -2/47      AC: 13    Str: 15    XL:     5   Next: 74%
Magic:  17/17      EV:  5    Int:  9    God:    Lugonu [***...]
Gold:   124        SH:  5    Dex: 12    Spells: 7/7 levels left

rFire   . . .      SeeInvis .   a - +1 spear
rCold   . . .      Faith    .   (no shield)
rNeg    . . .      Spirit   .   g - +0 plate armour
rPois   .          Reflect  +   (no helmet)
rElec   .          Harm     .   (no cloak)
rCorr   .          Rampage  .   (no gloves)
Will    .....                   s - +0 pair of boots
Stlth   ..........              l - amulet of reflection
HPRegen 0.15/turn               m - ring of magical power
MPRegen 0.15/turn               q - ring of flight

@: flying
A: fangs 1, strong nose, distributed training
a: Renounce Religion, Depart the Abyss, Bend Space, Banish


You were on level 4 of the Dungeon.
You worshipped Lugonu.
Lugonu was most pleased with you.
You visited 1 branch of the dungeon, and saw 4 of its levels.
You visited the Abyss 1 time.

You collected 124 gold pieces.

Inventory:

Hand Weapons
 a - a +1 spear (weapon)
Armour
 g - a +0 plate armour (worn)
 s - a +0 pair of boots (worn)
Jewellery
 l - an amulet of reflection (around neck)
 m - a ring of magical power (left hand)
 q - a ring of flight (right hand)
Scrolls
 b - 2 scrolls of teleportation {unknown}
 c - 6 scrolls of identify {unknown}
 d - a scroll of noise {unknown}
 e - a scroll of blinking {unknown}
 f - a scroll of magic mapping {unknown}
 j - a scroll of amnesia {unknown}
 o - 2 scrolls of summoning {unknown}
 u - a scroll of fear {unknown}
 v - a scroll of immolation {unknown}
Potions
 h - a potion of ambrosia {unknown}
 i - a potion of magic {unknown}
 k - 2 potions of heal wounds {unknown}
 n - a potion of degeneration {unknown}
 p - 2 potions of curing {unknown}
 r - 2 potions of brilliance {unknown}
 t - a potion of mutation {unknown}


   Skills:
 + Level 6.7 Fighting
 + Level 1.7 Short Blades
 + Level 1.7 Long Blades
 + Level 1.7 Axes
 + Level 1.7 Maces & Flails
 + Level 4.9 Polearms
 + Level 1.7 Staves
 + Level 1.7 Ranged Weapons
 + Level 1.7 Throwing
 + Level 4.9 Armour
 + Level 3.1 Dodging
 + Level 1.7 Stealth
 + Level 1.7 Shields
 + Level 1.7 Unarmed Combat
 + Level 1.7 Spellcasting
 + Level 1.3 Conjurations
 + Level 1.3 Hexes
 + Level 1.3 Summonings
 + Level 1.3 Necromancy
 + Level 1.3 Translocations
 + Level 1.3 Transmutations
 + Level 1.3 Fire Magic
 + Level 1.3 Ice Magic
 + Level 1.3 Air Magic
 + Level 1.3 Earth Magic
 + Level 1.3 Poison Magic
 + Level 5.0 Invocations
 + Level 1.7 Evocations


You had 7 spell levels left.
You didn't know any spells.
Your spell library contained the following spells:

 Spells                   Type           Power      Damage    Failure   Level
 Conjure Flame            Conj/Fire      3%         6-21      100%        3
 Ignite Poison            Fire/Tmut/Pois 3%         N/A       100%        3
 Sticky Flame             Conj/Fire      3%         2d3       100%        4


Dungeon Overview and Level Annotations

Branches:
Dungeon (4/15)             Temple (0/1) D:4

Altars:
Trog

Shops:
D:3 (:


Innate Abilities, Weirdness & Mutations

You have very sharp teeth.
Your uncanny sense of smell can sniff out nearby items.
Your experience applies equally to all skills.


Message History

The black bear claws you.
You hit the black bear.
The black bear is heavily wounded.
The black bear bites you.
The black bear claws you but does no damage. x2
You hit the black bear but do no damage.
You bite the black bear, but do no damage.
The black bear is heavily wounded.
The black bear bites you.
The black bear claws you but does no damage.
The black bear claws you.
You hit the black bear.
The black bear is severely wounded.
You hit the black bear.
You bite the black bear, but do no damage.
The black bear is severely wounded.
The black bear goes berserk!
You hit the black bear.
The black bear is almost dead.
The black bear bites you.
The black bear claws you but does no damage. x2
You hit the black bear.
The black bear is almost dead.
The black bear bites you but does no damage.
The black bear claws you but does no damage.
The black bear claws you.
The black bear bites you but does no damage.
The black bear claws you but does no damage. x2
You closely miss the black bear.
The black bear is almost dead.
The black bear bites you!
* * * LOW HITPOINT WARNING * * *
You block the black bear's attack.
The black bear claws you but does no damage.
You hit the black bear but do no damage.
The black bear is almost dead.
The black bear bites you!
* * * LOW HITPOINT WARNING * * *
The black bear claws you.
You die...

... ∆ .....# #
..[..# #. .....#
#..#######.....#
#..............#
#.....h.......#
#....@.......#
#..........##
≈#........:.#
≈≈...........#
..##.........# ≈
#.........#
#:.$.<....#
#.>...#...#
#).?......#


You could see a black bear (berserk).

Vanquished Creatures
  2 scorpions (D:3)
  An adder (D:2)
  A shadow imp (D:3)
  A worm (D:2)
  A dart slug (D:2)
  An orc (D:3)
  4 bats
  8 endoplasms
  2 giant cockroaches
  6 goblins
  7 hobgoblins
  A jackal (D:1)
  8 kobolds
  2 quokkas
  2 ball pythons
  3 frilled lizards
  A rat (D:3)
51 creatures vanquished.

Vanquished Creatures (others)
  2 plants (D:1)
2 creatures vanquished.

Grand Total: 53 creatures vanquished

Notes
Turn   | Place    | Note
-------+----------+-------------------------------------------
     0 | Abyss:1  | sanboga the Gnoll Abyssal Knight began the quest for the
                  | Orb.
     0 | Abyss:1  | Reached XP level 1. HP: 23/23 MP: 3/3
     1 | Abyss:1  | Found a corrupted altar of Lugonu.
     6 | D:1      | Escaped the Abyss
    55 | D:1      | Found a faded altar of an unknown god.
   198 | D:1      | Reached XP level 2. HP: 29/29 MP: 5/5
   605 | D:1      | Reached XP level 3. HP: 25/35 MP: 6/6
  1150 | D:2      | Reached *** piety under Lugonu
  1356 | D:2      | Reached skill level 1 in Short Blades
  1356 | D:2      | Reached skill level 1 in Long Blades
  1356 | D:2      | Reached skill level 1 in Axes
  1356 | D:2      | Reached skill level 1 in Maces & Flails
  1356 | D:2      | Reached skill level 1 in Staves
  1356 | D:2      | Reached skill level 1 in Ranged Weapons
  1356 | D:2      | Reached skill level 1 in Throwing
  1356 | D:2      | Reached skill level 1 in Stealth
  1356 | D:2      | Reached skill level 1 in Shields
  1356 | D:2      | Reached skill level 1 in Unarmed Combat
  1356 | D:2      | Reached skill level 1 in Spellcasting
  1356 | D:2      | Reached skill level 1 in Evocations
  1768 | D:2      | Reached XP level 4. HP: 41/41 MP: 7/7
  2060 | D:3      | Found a bloodstained altar of Trog.
  2101 | D:3      | Found Syvinoaco's Antique Weapon Emporium.
  2380 | D:3      | Found Kades's Book Shop.
  2474 | D:3      | Noticed a scorpion
  2490 | D:3      | Killed a scorpion
  2491 | D:3      | Reached skill level 1 in Conjurations
  2491 | D:3      | Reached skill level 1 in Hexes
  2491 | D:3      | Reached skill level 1 in Summonings
  2491 | D:3      | Reached skill level 1 in Necromancy
  2491 | D:3      | Reached skill level 1 in Translocations
  2491 | D:3      | Reached skill level 1 in Transmutations
  2491 | D:3      | Reached skill level 1 in Fire Magic
  2491 | D:3      | Reached skill level 1 in Ice Magic
  2491 | D:3      | Reached skill level 1 in Air Magic
  2491 | D:3      | Reached skill level 1 in Earth Magic
  2491 | D:3      | Reached skill level 1 in Poison Magic
  2491 | D:3      | Reached XP level 5. HP: 23/47 MP: 8/8
  2915 | D:4      | Noticed a black bear
  2915 | D:4      | Found a staircase to the Ecumenical Temple.
  3019 | D:3      | Reached skill level 5 in Invocations
  3199 | D:4      | HP: 2/47 [black bear (8)]
  3199 | D:4      | Slain by a black bear

Illustrated notes

Levels and vault maps discovered:
D:1:      dpeg_arrival_rooms_b, layout_rooms, shapermc_ecumenical_altar_ellora,
          serial_bayou_pond_a, minmay_quantized
D:2:      layout_basic
D:3:      layout_basic, mainiacjoe_overflow_concentric_impassable, serial_shops,
          shop, nicolae_shop_statue_plus
D:4:      wad_pebble_path, layout_rooms, minmay_temple_entry_offerings,
          nicolae_shop_self_help

Skill      XL: |  1  2  3  4  5 |
---------------+----------------+-----
Short Blades   | 1 |  1.7
Long Blades    | 1 |  1.7
Axes           | 1 |  1.7
Maces & Flails | 1 |  1.7
Staves         | 1 |  1.7
Ranged Weapons | 1 |  1.7
Throwing       | 1 |  1.7
Stealth        | 1 |  1.7
Shields        | 1 |  1.7
Unarmed Combat | 1 |  1.7
Spellcasting   | 1 |  1.7
Evocations     | 1 |  1.7
Conjurations   | 1 |  1.3
Hexes          | 1 |  1.3
Summonings     | 1 |  1.3
Necromancy     | 1 |  1.3
Translocations | 1 |  1.3
Transmutations | 1 |  1.3
Fire Magic     | 1 |  1.3
Ice Magic      | 1 |  1.3
Air Magic      | 1 |  1.3
Earth Magic    | 1 |  1.3
Poison Magic   | 1 |  1.3
Dodging        | 3 |  3.1
Invocations    | 5 |  5.0
Fighting       | |  6.7
Polearms       | |  4.9
Armour         | |  4.9

Action                   |  1- 3 |  4- 6 || total
-------------------------+-------+-------++-------
Melee: Spear             |   134 |    75 ||   209
       Bite              |    11 |    13 ||    24
       Punch             |     4 |       ||     4
Armor: Leather armour    |     4 |       ||     4
       Plate armour      |    46 |    43 ||    89
Dodge: Dodged            |    25 |     9 ||    34
Block: Other             |     6 |    13 ||    19
